 Dungeon Crawl Stone Soup version 0.28.0-49-g6dfe1f597d (webtiles) character file.

Game seed: 3599335048918624257

3396 Gabide the Spear-Bearer (level 10, 0/70 HPs)
             Began as a Human Monk on May 12, 2022.
             Was a Priest of Sif Muna.
             Slain by a komodo dragon (15 damage)
             ... on level 7 of the Dungeon.
             The game lasted 00:20:34 (11591 turns).

Gabide the Spear-Bearer (Human Monk)               Turns: 11591, Time: 00:20:35

Health: 0/70       AC: 12    Str: 16    XL:     10   Next: 24%
Magic:  10/10      EV: 12    Int: 10    God:    Sif Muna [***...]
Gold:   465        SH:  0    Dex: 16    Spells: 9/9 levels left

rFire   . . .      SeeInvis .   i - +0 halberd
rCold   . . .      Faith    .   (shield currently unavailable)
rNeg    . . .      Spirit   .   u - +0 troll leather armour
rPois   .          Reflect  .   (no helmet)
rElec   .          Harm     .   f - +2 cloak
rCorr   .          Rampage  .   e - +0 pair of gloves
Will    +....                   (no boots)
Stlth   ++........              (no amulet)
HPRegen 1.01/turn               s - +4 ring of protection
MPRegen 0.12/turn               n - ring of willpower

@: about to teleport
A: no striking features
a: Renounce Religion, Channel Magic, Forget Spell


You were on level 7 of the Dungeon.
You worshipped Sif Muna.
Sif Muna was most pleased with you.
You visited 1 branch of the dungeon, and saw 7 of its levels.

You collected 465 gold pieces.

Inventory:

Hand Weapons
 i - a +0 halberd (weapon)
 o - a +0 scythe of protection
 r - a +0 trident of protection
Armour
 e - a +0 pair of gloves (worn)
 f - a +2 cloak (worn)
 u - a +0 troll leather armour (worn)
Jewellery
 h - a ring of wizardry
 m - a ring of resist corrosion
 n - a ring of willpower (right hand)
 p - a +6 ring of dexterity
 s - a +4 ring of protection (left hand)
 y - a ring of magical power
Wands
 l - a wand of iceblast (7)
Scrolls
 b - 3 scrolls of torment
 d - a scroll of teleportation
Potions
 a - a potion of magic
 c - a potion of attraction
 g - 3 potions of flight
 j - a potion of brilliance
 k - a potion of degeneration {unknown}
 q - a potion of cancellation {unknown}
 x - a potion of curing {unknown}


   Skills:
 - Level 3.0 Fighting
 + Level 13.7 Polearms
 - Level 3.0 Armour
 - Level 3.0 Dodging
 - Level 2.0 Stealth


You had 9 spell levels left.
You didn't know any spells.
Your spell library contained the following spells:

 Spells                   Type           Power      Damage    Failure   Level
 Pain                     Necr           0%         1d4       41%         1
 Shock                    Conj/Air       0%         1d3       41%         1
 Gell's Gravitas          Tloc           0%         N/A       80%         3
 Lesser Beckoning         Tloc           0%         N/A       80%         3
 Swiftness                Air            0%         N/A       80%         3
 Teleport Other           Tloc           0%         N/A       80%         3
 Airstrike                Air            0%         N/A       99%         4
 Agony                    Necr           0%         N/A       100%        5
 Excruciating Wounds      Necr           0%         N/A       100%        5


Dungeon Overview and Level Annotations

Branches:
Dungeon (7/15)             Temple (0/1) D:7

Altars:
Hepliaklqana
Kikubaaqudgha
Makhleb
Qazlal
Sif Muna
Wu Jian

Shops:
D:3 (


Message History

You closely miss the komodo dragon.
The komodo dragon is moderately wounded.
The komodo dragon misses you.
You slash the komodo dragon!
The komodo dragon is heavily wounded.
The komodo dragon completely misses you.
You hit the komodo dragon but do no damage.
The komodo dragon is heavily wounded.
You barely miss the komodo dragon.
The komodo dragon is heavily wounded.
The komodo dragon bites you but does no damage.
You hit the komodo dragon.
The komodo dragon is heavily wounded.
The komodo dragon bites you!!
You are too injured to fight recklessly!
You are too injured to fight recklessly!
You are too injured to fight recklessly!
You are too injured to fight recklessly!
You are too injured to fight recklessly!
You are too injured to fight recklessly!
You are too injured to fight recklessly!
You are too injured to fight recklessly!
You are too injured to fight recklessly!
You are too injured to fight recklessly!
You are too injured to fight recklessly!
You are too injured to fight recklessly!
You are too injured to fight recklessly!
You are too injured to fight recklessly!
You are too injured to fight recklessly!
You are too injured to fight recklessly!
Aiming: Iceblast
Press: ? - help, Shift-Dir - straight line, p - komodo dragon The mass of ice explodes!
The iceblast engulfs the komodo dragon.
The komodo dragon is heavily wounded.
The komodo dragon bites you!
* * * LOW HITPOINT WARNING * * *
Unknown command.
As you read the scroll of teleportation, it crumbles to dust.
You feel strangely unstable. The komodo dragon bites you!
You die...

....#.###.#.###....#...#....>....
....#..(..#........#...#.........
.......#.....#..)..###.##.###.###
#..###.#.###.#.....######.# #.# #
#....(.#..)..#......#.....# .
##........#.........#.....#
##...###.#.###.....##....#
##......#.........##....#
##........#.l@....)....#
#....###.#............#
##.......#......##.....#
##..............##........
#.......###.....######....
#....#.........).# ....
#....#......#...## ...
##..##......##### .. ##########.#


You could see a komodo dragon.

Vanquished Creatures
  Prince Ribbit (D:6)
  2 trolls (D:6)
  Sigmund (D:2)
  A black bear (D:7)
  An orc warrior (D:7)
  2 sky beasts (D:6)
  6 ogres
  2 phantoms (D:5)
  4 bullfrogs
  3 scorpions
  3 water moccasin zombies
  A water moccasin skeleton (D:4)
  A howler monkey (D:4)
  A bullfrog zombie (D:5)
  2 centaur zombies (D:7)
  A gnoll shaman (D:7)
  5 orc priests
  A hound (D:6)
  Ijyb (D:3)
  Terence (D:3)
  4 iguanas
  Natasha (thrice) (D:3)
  5 orc wizards
  A killer bee zombie (D:7)
  A hound skeleton (D:4)
  4 adders
  3 gnolls (D:7)
  A shadow imp (D:7)
  2 white imps
  2 ufetubi
  2 adder skeletons (D:5)
  An adder zombie (D:5)
  A worm (D:2)
  5 dart slugs
  19 orcs
  A bat zombie (D:4)
  7 endoplasms
  4 giant cockroaches
  9 goblins
  7 hobgoblins
  7 kobolds
  2 quokkas (D:1)
  7 ball pythons
  4 bats
  4 frilled lizards
  4 rats
  2 rat zombies (D:4)
152 creatures vanquished.

Vanquished Creatures (collateral kills)
  An ogre (D:4)
1 creature vanquished.

Vanquished Creatures (others)
  5 plants (D:5)
5 creatures vanquished.

Grand Total: 158 creatures vanquished

Notes
Turn   | Place    | Note
-------+----------+-------------------------------------------
     0 | D:1      | Gabide the Human Monk began the quest for the Orb.
     0 | D:1      | Reached XP level 1. HP: 18/18 MP: 1/1
   208 | D:1      | Reached XP level 2. HP: 15/24 MP: 2/2
   540 | D:1      | Reached skill level 4 in Polearms
   540 | D:1      | Reached XP level 3. HP: 27/29 MP: 3/3
  1169 | D:2      | Reached skill level 1 in Armour
  1382 | D:2      | Reached XP level 4. HP: 35/35 MP: 4/4
  1429 | D:2      | Found a faded altar of an unknown god.
  1469 | D:2      | Noticed Sigmund
  2902 | D:3      | Found Nuyjaqai's Weapon Boutique.
  3072 | D:3      | Noticed Natasha
  3089 | D:3      | Killed Natasha
  3185 | D:3      | Noticed Ijyb
  3216 | D:3      | Killed Ijyb
  3217 | D:3      | Reached XP level 5. HP: 25/41 MP: 5/5
  3352 | D:3      | Noticed Natasha
  3374 | D:3      | Killed Natasha
  3642 | D:3      | Noticed Terence
  3692 | D:3      | Killed Terence
  3693 | D:3      | Reached skill level 5 in Polearms
  5540 | D:2      | Killed Sigmund
  5541 | D:2      | Reached skill level 6 in Polearms
  5541 | D:2      | Reached XP level 6. HP: 38/47 MP: 6/6
  5839 | D:3      | Noticed Natasha
  5848 | D:3      | Killed Natasha
  5849 | D:3      | Reached XP level 7. HP: 49/52 MP: 7/7
  5915 | D:4      | Reached skill level 7 in Polearms
  6029 | D:4      | Found an ancient bone altar of Kikubaaqudgha.
  6118 | D:4      | Found a shimmering blue altar of Sif Muna.
  6126 | D:4      | Became a worshipper of Sif Muna the Loreminder
  6126 | D:4      | Reached * piety under Sif Muna
  6126 | D:4      | Reached ** piety under Sif Muna
  6640 | D:4      | Found a stormy altar of Qazlal.
  6645 | D:4      | Found an ornate altar of the Wu Jian Council.
  6651 | D:4      | Found a burning altar of Makhleb.
  6690 | D:5      | Entered Level 5 of the Dungeon
  6831 | D:5      | Reached skill level 8 in Polearms
  6847 | D:5      | Reached XP level 8. HP: 58/58 MP: 8/8
  7070 | D:5      | Found a hazy altar of Hepliaklqana.
  7126 | D:5      | Reached skill level 9 in Polearms
  7800 | D:6      | Reached skill level 10 in Polearms
  8574 | D:5      | Reached XP level 9. HP: 38/63 MP: 9/9
  9071 | D:6      | Noticed Prince Ribbit
  9103 | D:6      | Reached *** piety under Sif Muna
  9109 | D:6      | Reached skill level 11 in Polearms
  9114 | D:6      | Killed Prince Ribbit
 10014 | D:7      | Noticed a troll
 10022 | D:7      | Reached skill level 12 in Polearms
 10029 | D:7      | Noticed a troll
 10545 | D:6      | Killed a troll
 10567 | D:6      | Killed a troll
 10966 | D:7      | Reached XP level 10. HP: 41/70 MP: 10/10
 11216 | D:7      | Reached skill level 13 in Polearms
 11291 | D:7      | Found a staircase to the Ecumenical Temple.
 11294 | D:7      | Identified the +4 rapier "Qamiyjeuw" {vorpal, rF- rCorr
                  | Dex+4 Stlth+}
 11576 | D:7      | Noticed a komodo dragon
 11591 | D:7      | Slain by a komodo dragon

Illustrated notes

Levels and vault maps discovered:
D:1:      enne_arrival_octagon_isle, layout_basic
D:2:      layout_basic, shapermc_ecumenical_altar_mp_urbaneastern, uniq_sigmund
D:3:      layout_loops_ring, serial_shops, shop, kennysheep_cluttered_room,
          lightli_corner_chamber, uniq_natasha, uniq_ijyb, uniq_terence
D:4:      layout_loops_ring, lemuel_zombie_altar_kikubaaqudgha,
          old_standard_altar, minmay_overflow_temple_star_quad
D:5:      layout_loops_ring, mainiacjoe_overflow_concentric_impassable,
          serial_bayou, serial_bayou_pond_e, serial_bayou_pond_e,
          serial_bayou_ford_a, serial_bayou_pond_c
D:6:      layout_rooms, uniq_prince_ribbit1
D:7:      hangedman_cross_stitches, layout_gridville, slow_altar_1,
          minmay_temple_entry_trees

Skill      XL: |  1  2  3  4  5  6  7  8  9 10 |
---------------+-------------------------------+-----
Polearms       | 4 6 8 10 12 13 | 13.7
Armour         | 1 2 3 |  3.0
Fighting       | |  3.0
Dodging        | |  3.0
Stealth        | |  2.0

Action                   |  1- 3 |  4- 6 |  7- 9 | 10-12 || total
-------------------------+-------+-------+-------+-------++-------
Melee: Spear             |   137 |   244 |    59 |       ||   440
       Punch             |     1 |     2 |     6 |       ||     9
       Trident           |       |       |   439 |       ||   439
       Halberd           |       |       |       |   102 ||   102
Evoke: Wand              |       |     6 |    11 |     1 ||    18
  Use: Scroll            |       |     7 |     8 |     1 ||    16
       Potion            |       |     2 |     4 |       ||     6
 Stab: Sleeping          |     6 |     2 |     2 |     1 ||    11
       Distracted        |     1 |       |       |       ||     1
       Paralysed         |       |       |    11 |       ||    11
       Invisible         |       |       |     3 |       ||     3
Armor: Robe              |     8 |       |       |       ||     8
       Ring mail         |    22 |    69 |   161 |       ||   252
       Troll leather arm |       |       |     3 |    25 ||    28
Dodge: Dodged            |    67 |    94 |   209 |    35 ||   405
